Workbook
Name TypeIntervention: [1]Lists!$B$57:$B$59

Sheet M2 - Herramienta de evaluación
B1: HERRAMIENTA DE EVALUACIÓN DE LA INTEGRACIÓN DE LA PERSPECTIVA DE GÉNERO PARA OAEs
B2: Objetivo: Esta evaluación le ayudará a comprender el nivel de integración de la perspectiva de género en su organización y le permitirá descubrir áreas de mejora. Instrucciones: 1) Hay 16 secciones en esta evaluación, que cubren 4 áreas principales de la organización: I) diversidad del personal y del liderazgo, II) programación, financiamiento y posicionamiento con enfoque de género, III) selección de empresas inclusiva en materia de género, IV) diseño y ejecución de programas de manera sensible al género. 2) Para cada pregunta, hay 5 u 8 respuestas posibles para elegir. Elija la opción que mejor refleje la situación de su organización o, si considera que ninguna de las opciones es aplicable a su organización, elija "No aplicable". 3) Para seleccionar una respuesta, introduzca una "X" manualmente o utilizando el menú desplegable: Por favor, seleccione únicamente una respuesta 4) Una vez que haya respondido a todas las preguntas, diríjase a la página "M2 - Resultados de la evaluación" para consultar el nivel actual de integración de la perspectiva de género en su organización y detectar las áreas que podrían necesitar mejoras. Nota: La palabra "mujeres" se utiliza para designar a las personas que se identifican como mujeres, y la palabra "hombres" para designar a las personas que se identifican como hombres.
B4: DIVERSIDAD DEL PERSONAL Y DEL LIDERAZGO
B5: Sección 1: Contratación equilibrada entre géneros
C8: 1.1 ¿Qué proporción (%) de los/as empleados/as de su organización son mujeres? | M8: delete
M9: remain split for the venture
E10: 0-15%
E11: 15-30%
E12: 30-45%
E13: 45-55%
E14: 55-70%
E15: 70-85%
E16: 85%-100%
E17: NA
C19: Question points: | E19: =IF(OR(C10="X",C16="X"),1,IF(OR(C11="X",C15="X"),2,IF(OR(C12="X",C14="X"),3,IF(C13="X",4,0)))) -> 0
C21: 1.2 ¿Qué proporción (%) de la alta dirección de su organización está compuesta por mujeres?
E23: 0-15%
E24: 15-30%
E25: 30-45%
E26: 45-55%
E27: 55-70%
E28: 70-85%
E29: 85%-100%
E30: NA
C32: Question points: | E32: =IF(OR(C23="X",C29="X"),1,IF(OR(C24="X",C28="X"),2,IF(OR(C25="X",C27="X"),3,IF(C26="X",4,0)))) -> 0
C34: 1.3 ¿Intenta su organización reclutar activamente empleados/as del género que está subrepresentado en su equipo?
E36: No realizamos ningún esfuerzo específico para garantizar la representación equitativa de género en nuestro equipo, ni tenemos objetivos para ello
E37: Nos gustaría mejorar la representación equitativa de género en nuestro equipo, pero no tenemos iniciativas específicas para garantizarla. Nuestro material de contratación está diseñado para comunicarse con candidatos/as de todos los géneros (p. ej., el texto y los elementos visuales se refieren tanto a hombres como a mujeres)
E38: Buscamos activamente candidatos/as del género subrepresentado en nuestro equipo, promoviendo las oportunidades de forma que les resulten atractivas (p. ej., destacando elementos que típicamente valora el género subrepresentado, p. ej. para las mujeres, el ambiente de trabajo, la flexibilidad, los beneficios para las madres trabajadoras, etc.)
E39: Contamos con un proceso sólido para encontrar candidatos/as del género subrepresentado en nuestro equipo (p. ej., organizando eventos de contratación dirigidos a candidatos/as del género subrepresentado, promoviendo vacantes a través de canales no tradicionales, ampliando nuestra reserva de candidatos/as a perfiles no tradicionales), atraerlos/as (p. ej., presentando un discurso promocional ajustado a lo que valora el género subrepresentado) y apoyarlos/as durante el proceso de contratación
E40: NA
C42: Question points: | E42: =IF(C36="X",1,IF(C37="X",2,IF(C38="X",3,IF(C39="X",4,0)))) -> 0
C44: 1.4 ¿Intenta su organización reclutar activamente a gerentes del género que está subrepresentado en los puestos de alta dirección?
E46: No realizamos ningún esfuerzo específico para garantizar la representación equitativa de género en los puestos de alta dirección, ni tenemos objetivos para ello
E47: Nos gustaría mejorar la representación equitativa de género en los puestos de alta dirección, pero no tenemos iniciativas específicas para garantizarla. Nuestro material de contratación está diseñado para comunicarse con candidatos/as de todos los géneros (p. ej., el texto y los elementos visuales se refieren tanto a hombres como a mujeres)
E48: Buscamos activamente candidatos/as del género subrepresentado para cubrir los puestos de alta dirección, promoviendo las oportunidades de forma que les resulten atractivas (p. ej., destacando elementos que típicamente valora el género subrepresentado, p. ej., para las mujeres, el ambiente de trabajo, la flexibilidad, los beneficios para las madres trabajadoras, etc.)
E49: Contamos con un proceso sólido para encontrar candidatos/as del género subrepresentado para los puestos de alta dirección (p. ej., organizando eventos de contratación dirigidos a candidatos/as del género subrepresentado, promoviendo vacantes a través de canales no tradicionales, ampliando nuestra reserva de candidatos/as a perfiles no tradicionales), atraerlos/as (p. ej., presentando un discurso promocional ajustado a lo que valora el género subrepresentado) y apoyarlos/as durante el proceso de contratación
E50: NA
C52: Question points: | E52: =IF(C46="X",1,IF(C47="X",2,IF(C48="X",3,IF(C49="X",4,0)))) -> 0
C54: 1.5 ¿Cuenta su organización con procesos que garanticen la igualdad de oportunidades para los/as candidatos/as de todos los géneros como reclutador/a?
E56: No tenemos procesos específicos para garantizar la igualdad de oportunidades en nuestro proceso de contratación
E57: Somos conscientes de los prejuicios de género y tratamos de ser justos en nuestro proceso de contratación
E58: Tenemos varias iniciativas para garantizar que los/as candidatos/as tengan las mismas oportunidades en nuestro proceso de contratación. Utilizamos CV ciegos (es decir, eliminamos el nombre y la foto) y nuestros/as reclutadores/as han recibido formación sobre prejuicios de género inconscientes
E59: Tenemos varias iniciativas para garantizar que los/as candidatos/as tengan las mismas oportunidades en nuestro proceso de contratación. Utilizamos CV ciegos, nuestros/as reclutadores/as han recibido formación sobre prejuicios de género inconscientes, y contamos con un proceso en el que los/as candidatos/as preseleccionados/as son debatidos/as por un comité formado por profesionales de género diverso
E60: NA
C62: Question points: | E62: =IF(C56="X",1,IF(C57="X",2,IF(C58="X",3,IF(C59="X",4,0)))) -> 0
B64: DIVERSIDAD DEL PERSONAL Y DEL LIDERAZGO
C65: Sección 2: Promoción y retención equilibradas entre géneros
C68: 2.1 Por lo general, ¿avanzan en su carrera los/as empleados/as de todos los géneros al mismo ritmo en su organización?
E70: No medimos el ritmo de progresión profesional, por lo que es difícil saberlo
E71: Los/as empleados/as de un determinado género tienden a ascender más lentamente que sus homólogos/as
E72: Los/as empleados/as de todos los géneros progresan de manera similar, hasta llegar a los puestos de alta dirección, donde los/as empleados/as de un determinado género suelen tomar la delantera
E73: Frecuentemente medimos y abordamos el ritmo de progresión profesional por géneros y sabemos que los/as empleados/as de todos los géneros progresan al mismo ritmo en nuestra organización
E74: NA
C76: Question points: | E76: =IF(C70="X",1,IF(C71="X",2,IF(C72="X",3,IF(C73="X",4,0)))) -> 0
C78: 2.2 ¿Intenta su organización promocionar activamente a empleados/as del género que está subrepresentado en los puestos de alta dirección?
E80: No realizamos ningún esfuerzo específico para garantizar la representación equitativa de género en los puestos de alta dirección, ni tenemos objetivos para ello
E81: Nos gustaría mejorar la representación equitativa de género en los puestos de alta dirección, pero no tenemos iniciativas específicas para garantizarla
E82: Intentamos promocionar activamente a los/as empleados/as del género subrepresentado en los puestos de alta dirección ( p. ej. dar prioridad a los/as candidatos/as del género subrepresentado)
E83: Disponemos de un proceso sólido para fomentar y facilitar la promoción de empleados/as del género subrepresentado en puestos de alta dirección (p. ej., permitir la flexibilidad, políticas de promoción objetivas)
E84: NA
C86: Question points: | E86: =IF(C80="X",1,IF(C81="X",2,IF(C82="X",3,IF(C83="X",4,0)))) -> 0
B88: DIVERSIDAD DEL PERSONAL Y DEL LIDERAZGO
C89: Sección 3: Políticas y prácticas de RRHH con perspectiva de género
C92: 3.1 ¿Ofrece su organización el mismo salario a empleados/as de todos los géneros con el mismo nivel de responsabilidad?
E94: Los salarios se negocian caso por caso, independientemente del género
E95: La mayoría de nuestros/as empleados/as con un nivel de responsabilidad equivalente tienen el mismo salario independientemente de su género
E96: Disponemos de un proceso para garantizar que los/as empleados/as con un nivel de responsabilidad equivalente tengan el mismo salario independientemente de su género, pero principalmente en posiciones junior
E97: Disponemos de un proceso para garantizar que los/as empleados/as con un nivel de responsabilidad equivalente tengan el mismo salario independientemente de su género en todos los niveles jerárquicos
E98: NA
C100: Question points: | E100: =IF(C94="X",1,IF(C95="X",2,IF(C96="X",3,IF(C97="X",4,0)))) -> 0
C102: 3.2 ¿Proporciona su organización transparencia sobre los niveles salariales y la ratio de la brecha salarial de género?
E104: No tenemos transparencia sobre los niveles salariales de los/as empleados/as
E105: Tenemos algo de transparencia sobre los niveles salariales pero no desglosados por género
E106: Tenemos transparencia sobre los niveles salariales, desglosados por género
E107: Tenemos transparencia sobre los niveles salariales, desglosados por género, y debatimos las políticas salariales con nuestro equipo para garantizar que no haya discriminación por razón de género (o percepción de la misma)
E108: NA
C110: Question points: | E110: =IF(C104="X",1,IF(C105="X",2,IF(C106="X",3,IF(C107="X",4,0)))) -> 0
C112: 3.3 ¿Garantiza su organización criterios claros y objetivos para los aumentos salariales y los ascensos, teniendo en cuenta las diferencias entre géneros a la hora de abordar estas discusiones/negociaciones?
E114: Tratamos a todo el mundo de la misma manera, sin criterios objetivos y sin tener en cuenta las dinámicas de género
E115: Somos conscientes de las dinámicas de género (es decir, que las mujeres tienden a ser menos agresivas en sus demandas), pero no intentamos concienciar activamente sobre esta dinámica ni contrarrestarla con criterios objetivos para los aumentos
E116: Somos transparentes sobre el nivel salarial que se puede esperar para los diferentes niveles de responsabilidad, y animamos a nuestro/as empleados/as de alto rendimiento a que expresen sus demandas de manera más contundente si aún no lo hacen
E117: Somos transparentes sobre el nivel salarial que se puede esperar para los diferentes niveles de responsabilidad, y ofrecemos aumentos salariales basados en criterios objetivos y bien definidos. Los aumentos salariales se discuten en un comité formado por profesionales de género diverso. Si es aplicable, se informa a los empleados/as (especialmente a las mujeres) sobre su tendencia a ser menos vocales acerca de sus demandas
E118: NA
C120: Question points: | E120: =IF(C114="X",1,IF(C115="X",2,IF(C116="X",3,IF(C117="X",4,0)))) -> 0
C122: 3.4 ¿Proporciona su organización "feedback" de manera diferenciada según el género, teniendo en cuenta las necesidades y preferencias específicas relacionadas con el género?
E124: Proporcionamos "feedback" de la misma manera a hombres y mujeres, sin tener en cuenta las necesidades y preferencias específicas de cada género
E125: Somos conscientes de que existen diferentes necesidades y preferencias en función del género (p. ej., las mujeres tienden a tomarse los comentarios negativos de forma más personal que los hombres), pero no abordamos activamente esta cuestión
E126: Algunos/as supervisores/as intentan adaptar su manera de proporcionar "feedback" en función del género de los/as empleados/as (p. ej., teniendo en cuenta que algunas mujeres tienden a tomarse las opiniones negativas de forma más personal)
E127: Todos/as nuestros/as supervisores/as están formados/as para ofrecer "feedback" diferenciado en función del género de los/as empleados/as (p. ej. utilizando "feedback" centrado en los puntos fuertes con los/as empleados/as más inseguros/as)
E128: NA
C130: Question points: | E130: =IF(C124="X",1,IF(C125="X",2,IF(C126="X",3,IF(C127="X",4,0)))) -> 0
C132: 3.5 ¿Proporciona su organización condiciones de trabajo que tengan en cuenta las necesidades específicas de los/as (futuros/as) padres, madres y cuidadores/as?
E134: Tratamos a los/as (futuros/as) padres, madres y cuidadores/as como al resto de trabajadores/as
E135: Tratamos de ser flexibles en cuanto a los horarios y la ubicación del trabajo para acomodar a los/as (futuros/as) padres, madres y cuidadores/as, pero no es algo sistemático
E136: Ofrecemos sistemáticamente flexibilidad a (futuros/as) padres, madres y cuidadores/as. Los/as empleados/as pueden trabajar a tiempo parcial, a distancia y con horarios flexibles
E137: Contamos con sólidas iniciativas para facilitar las condiciones de trabajo de (futuros/as) padres, madres y cuidadores/as, además del trabajo a tiempo parcial, el trabajo a distancia y los horarios flexibles. Por ejemplo, ofrecemos salas de lactancia, guarderías in situ, tiempo libre personal adicional para responsabilidades de cuidado, etc.
E138: NA
C140: Question points: | E140: =IF(C134="X",1,IF(C135="X",2,IF(C136="X",3,IF(C137="X",4,0)))) -> 0
C142: 3.6 ¿Dispone su organización de una política de baja parental retribuida?
...

Sheet Respuestas evaluación
B2: RESPUESTAS
B3: X
B5: RANGOS PARA MEDIA
A6: Sub-sección | B6: Sección 1 | C6: =IF(B6=0,"NA",B6) -> Sección 1
A7: 1.1 | B7: ='M2 - Herramienta de evaluación'!E19 -> 0 | C7: =IF(B7=0,"NA",B7) -> NA
A8: 1.2 | B8: ='M2 - Herramienta de evaluación'!E32 -> 0 | C8: =IF(B8=0,"NA",B8) -> NA
A9: 1.3 | B9: ='M2 - Herramienta de evaluación'!E42 -> 0 | C9: =IF(B9=0,"NA",B9) -> NA
A10: 1.4 | B10: ='M2 - Herramienta de evaluación'!E52 -> 0 | C10: =IF(B10=0,"NA",B10) -> NA
A11: 1.5 | B11: ='M2 - Herramienta de evaluación'!E62 -> 0 | C11: =IF(B11=0,"NA",B11) -> NA
A12: - | B12: Sección 2 | C12: =IF(B12=0,"NA",B12) -> Sección 2
A13: 2.1 | B13: ='M2 - Herramienta de evaluación'!E76 -> 0 | C13: =IF(B13=0,"NA",B13) -> NA
A14: 2.2 | B14: ='M2 - Herramienta de evaluación'!E86 -> 0 | C14: =IF(B14=0,"NA",B14) -> NA
A15: - | B15: Sección 3 | C15: =IF(B15=0,"NA",B15) -> Sección 3
A16: 3.1 | B16: ='M2 - Herramienta de evaluación'!E100 -> 0 | C16: =IF(B16=0,"NA",B16) -> NA
A17: 3.2 | B17: ='M2 - Herramienta de evaluación'!E110 -> 0 | C17: =IF(B17=0,"NA",B17) -> NA
A18: 3.3 | B18: ='M2 - Herramienta de evaluación'!E120 -> 0 | C18: =IF(B18=0,"NA",B18) -> NA
A19: 3.4 | B19: ='M2 - Herramienta de evaluación'!E130 -> 0 | C19: =IF(B19=0,"NA",B19) -> NA
A20: 3.5 | B20: ='M2 - Herramienta de evaluación'!E140 -> 0 | C20: =IF(B20=0,"NA",B20) -> NA
A21: 3.6 | B21: ='M2 - Herramienta de evaluación'!E150 -> 0 | C21: =IF(B21=0,"NA",B21) -> NA
A22: 3.7 | B22: ='M2 - Herramienta de evaluación'!E160 -> 0 | C22: =IF(B22=0,"NA",B22) -> NA
A23: 3.8 | B23: ='M2 - Herramienta de evaluación'!E170 -> 0 | C23: =IF(B23=0,"NA",B23) -> NA
A24: - | B24: Sección 4 | C24: =IF(B24=0,"NA",B24) -> Sección 4
A25: 4.1 | B25: ='M2 - Herramienta de evaluación'!E187 -> 0 | C25: =IF(B25=0,"NA",B25) -> NA
A26: 4.2 | B26: ='M2 - Herramienta de evaluación'!E197 -> 0 | C26: =IF(B26=0,"NA",B26) -> NA
A27: - | B27: Sección 5 | C27: =IF(B27=0,"NA",B27) -> Sección 5
A28: 5.1 | B28: ='M2 - Herramienta de evaluación'!E211 -> 0 | C28: =IF(B28=0,"NA",B28) -> NA
B29: Sección 6 | C29: =IF(B29=0,"NA",B29) -> Sección 6
A30: 6.1 | B30: ='M2 - Herramienta de evaluación'!E225 -> 0 | C30: =IF(B30=0,"NA",B30) -> NA
A31: 6.2 | B31: ='M2 - Herramienta de evaluación'!E235 -> 0 | C31: =IF(B31=0,"NA",B31) -> NA
A32: 6.3 | B32: ='M2 - Herramienta de evaluación'!E245 -> 0 | C32: =IF(B32=0,"NA",B32) -> NA
B33: Sección 7 | C33: =IF(B33=0,"NA",B33) -> Sección 7
A34: 7.1 | B34: ='M2 - Herramienta de evaluación'!E259 -> 0 | C34: =IF(B34=0,"NA",B34) -> NA
A35: 7.2 | B35: ='M2 - Herramienta de evaluación'!E269 -> 0 | C35: =IF(B35=0,"NA",B35) -> NA
B36: Sección 8 | C36: =IF(B36=0,"NA",B36) -> Sección 8
A37: 8.1 | B37: ='M2 - Herramienta de evaluación'!E283 -> 0 | C37: =IF(B37=0,"NA",B37) -> NA
A38: 8.2 | B38: ='M2 - Herramienta de evaluación'!E293 -> 0 | C38: =IF(B38=0,"NA",B38) -> NA
B39: Sección 9 | C39: =IF(B39=0,"NA",B39) -> Sección 9
A40: 9.1 | B40: ='M2 - Herramienta de evaluación'!E307 -> 0 | C40: =IF(B40=0,"NA",B40) -> NA
A41: 9.2 | B41: ='M2 - Herramienta de evaluación'!E320 -> 0 | C41: =IF(B41=0,"NA",B41) -> NA
A42: 9.3 | B42: ='M2 - Herramienta de evaluación'!E330 -> 0 | C42: =IF(B42=0,"NA",B42) -> NA
B43: Sección 10 | C43: =IF(B43=0,"NA",B43) -> Sección 10
A44: 10.1 | B44: ='M2 - Herramienta de evaluación'!E344 -> 0 | C44: =IF(B44=0,"NA",B44) -> NA
A45: - | B45: Sección 11 | C45: Sección 11
A46: 11.1 | B46: ='M2 - Herramienta de evaluación'!E358 -> 0 | C46: =IF(B46=0,"NA",B46) -> NA
A47: 11.2 | B47: ='M2 - Herramienta de evaluación'!E368 -> 0 | C47: =IF(B47=0,"NA",B47) -> NA
B48: Sección 12 | C48: Sección 12
A49: 12.1 | B49: ='M2 - Herramienta de evaluación'!E382 -> 0 | C49: =IF(B49=0,"NA",B49) -> NA
A50: 12.2 | B50: ='M2 - Herramienta de evaluación'!E395 -> 0 | C50: =IF(B50=0,"NA",B50) -> NA
A51: 12.3 | B51: ='M2 - Herramienta de evaluación'!E405 -> 0 | C51: =IF(B51=0,"NA",B51) -> NA
A52: 12.4 | B52: ='M2 - Herramienta de evaluación'!E418 -> 0 | C52: =IF(B52=0,"NA",B52) -> NA
B53: Sección 13 | C53: Sección 13
A54: 13.1 | B54: ='M2 - Herramienta de evaluación'!E432 -> 0 | C54: =IF(B54=0,"NA",B54) -> NA
A55: 13.2 | B55: ='M2 - Herramienta de evaluación'!E442 -> 0 | C55: =IF(B55=0,"NA",B55) -> NA
A56: 13.3 | B56: ='M2 - Herramienta de evaluación'!E452 -> 0 | C56: =IF(B56=0,"NA",B56) -> NA
B57: Sección 14 | C57: Sección 14
A58: 14.1 | B58: ='M2 - Herramienta de evaluación'!E466 -> 0 | C58: =IF(B58=0,"NA",B58) -> NA
A59: 14.2 | B59: ='M2 - Herramienta de evaluación'!E476 -> 0 | C59: =IF(B59=0,"NA",B59) -> NA
B60: Sección 15 | C60: Sección 15
A61: 15.1 | B61: ='M2 - Herramienta de evaluación'!E490 -> 0 | C61: =IF(B61=0,"NA",B61) -> NA
B62: Sección 16 | C62: Sección 16
A63: 16.1 | B63: ='M2 - Herramienta de evaluación'!E504 -> 0 | C63: =IF(B63=0,"NA",B63) -> NA
A64: 16.2 | B64: ='M2 - Herramienta de evaluación'!E514 -> 0 | C64: =IF(B64=0,"NA",B64) -> NA
A65: 16.3 | B65: ='M2 - Herramienta de evaluación'!E524 -> 0 | C65: =IF(B65=0,"NA",B65) -> NA

Sheet M2 -Resultados evaluación
B1: TABLA DE RESULTADOS
B2: Instrucciones para leer sus resultados: 1) Tiene un resultado por sección y un resultado total, que es la media de sus puntuaciones en cada sección. La escala va de 1 (bajo) a 4 (alto). 2) Ahora que tiene sus resultados, vaya a la página "M2 - Priorización de ideas" para ver todas las iniciativas potenciales de integración de la perspectiva de género que se pueden aplicar en su organización y priorizarlas. 3) También puede ir a la página «M2 - Biblioteca de recursos» para obtener más ideas sobre cómo mejorar la integración de la perspectiva de género en su organización.
B4: Área | D4: Sección | E4: Resultado
B5: Diversidad del personal y del liderazgo | D5: ='M2 - Herramienta de evaluación'!B5 -> Sección 1: Contratación equilibrada entre géneros | E5: =IFERROR(AVERAGEIF('Respuestas evaluación'!B7:B11,"<>0"),0) -> 0
D6: ='M2 - Herramienta de evaluación'!C65 -> Sección 2: Promoción y retención equilibradas entre géneros | E6: =IFERROR(AVERAGEIF('Respuestas evaluación'!B13:B14,"<>0"),0) -> 0
D7: ='M2 - Herramienta de evaluación'!C89 -> Sección 3: Políticas y prácticas de RRHH con perspectiva de género | E7: =IFERROR(AVERAGEIF('Respuestas evaluación'!B16:B23,"<>0"),0) -> 0
D8: ='M2 - Herramienta de evaluación'!C173 -> Sección 4: Diversidad en el Consejo de Asesores | E8: =IFERROR(AVERAGEIF('Respuestas evaluación'!B25:B26,"<>0"),0) -> 0
D9: ='M2 - Herramienta de evaluación'!C200 -> Sección 5: Fijación de objetivos y elaboración de informes internos con perspectiva da género | E9: =IFERROR(AVERAGEIF('Respuestas evaluación'!B28,"<>0"),0) -> 0
B10: Programación, financiamiento y posicionamiento con enfoque de género | D10: ='M2 - Herramienta de evaluación'!C214 -> Sección 6: Enfoque/posicionamiento estratégico inclusivo en materia de género | E10: =IFERROR(AVERAGEIF('Respuestas evaluación'!B30:B32,"<>0"),0) -> 0
D11: ='M2 - Herramienta de evaluación'!C248 -> Sección 7: Recaudación de fondos centrada en el género | E11: =IFERROR(AVERAGEIF('Respuestas evaluación'!B34:B35,"<>0"),0) -> 0
D12: ='M2 - Herramienta de evaluación'!C272 -> Sección 8: Fijación de objetivos y elaboración de informes con perspectiva de género para financiadores/as | E12: =IFERROR(AVERAGEIF('Respuestas evaluación'!B37:B38,"<>0"),0) -> 0
B13: Selección de empresas inclusiva en materia de género | D13: ='M2 - Herramienta de evaluación'!C296 -> Sección 9: Identificación de la cartera de empresas de manera inclusiva en materia de género | E13: =IFERROR(AVERAGEIF('Respuestas evaluación'!B40:B42,"<>0"),0) -> 0
D14: ='M2 - Herramienta de evaluación'!C333 -> Sección 10: Preselección de empresas inclusiva en materia de género | E14: =IFERROR(AVERAGEIF('Respuestas evaluación'!B44,"<>0"),0) -> 0
D15: ='M2 - Herramienta de evaluación'!C347 -> Sección 11: Diligencia debida sensible al género | E15: =IFERROR(AVERAGEIF('Respuestas evaluación'!B46:B47,"<>0"),0) -> 0
D16: ='M2 - Herramienta de evaluación'!C371 -> Sección 12: Selección de empresas sensible al género | E16: =IFERROR(AVERAGEIF('Respuestas evaluación'!B49:B52,"<>0"),0) -> 0
B17: Diseño y ejecución de programas de manera sensible al género | D17: ='M2 - Herramienta de evaluación'!C421 -> Sección 13: Diseño de contenidos de programas sensible al género | E17: =IFERROR(AVERAGEIF('Respuestas evaluación'!B54:B56,"<>0"),0) -> 0
D18: ='M2 - Herramienta de evaluación'!C455 -> Sección 14: Método de ejecución de programas sensible al género | E18: =IFERROR(AVERAGEIF('Respuestas evaluación'!B58:B59,"<>0"),0) -> 0
D19: ='M2 - Herramienta de evaluación'!C479 -> Sección 15: Equipo de ejecución del programa con equilibrio de género | E19: =IFERROR(AVERAGEIF('Respuestas evaluación'!B61,"<>0"),0) -> 0
D20: ='M2 - Herramienta de evaluación'!C493 -> Sección 16: Fijación de objetivos y elaboración de informes con perspectiva de género para los programas | E20: =IFERROR(AVERAGEIF('Respuestas evaluación'!B63:B65,"<>0"),0) -> 0
D21: Total | E21: =IFERROR(AVERAGEIF(E5:E20,"<>0"),0) -> 0

Sheet Lista de priorización de ideas
D1: Alto/a | E1: 3
A2: 1. Contratación equilibrada entre géneros | D2: Medio/a | E2: 2
A3: 2. Promoción y retención equilibradas entre géneros | D3: Bajo/a | E3: 1
A4: 3. Políticas y prácticas de RRHH con perspectiva de género
A5: 4. Diversidad en el Consejo de Asesores
A6: 5. Fijación de objetivos y elaboración de informes relacionados con el género con fines internos
A7: 6. Enfoque/posicionamiento estratégico inclusivo en materia de género
A8: 7. Recaudación de fondos centrada en el género
A9: 8. Fijación de objetivos y elaboración de informes relacionados con el género para inversores/as
A10: 9. Identificación de la cartera de inversiones de manera inclusiva en materia de género
A11: 10. Preselección de inversiones inclusiva en materia de género
A12: 11. Diligencia debida sensible al género
A13: 12. Selección de empresas sensible al género
A14: 13. Diseño de contenidos de programas sensible al género
A15: 14. Método de ejecución de programas sensible al género
... A36: Total
